 Dungeon Crawl Stone Soup version 0.30-b1-2-g02819fbbbe (webtiles) character file.

Game seed: 11890135660022328821

4 nightchill the Cutter (level 1, 0/11 HPs)
             Began as a Vine Stalker Berserker on Jan 10, 2024.
             Was a Follower of Trog.
             Slain by a goblin
             ... wielding a +0 club
              (2 damage)
             ... on level 1 of the Dungeon.
             The game lasted 00:00:36 (90 turns).

nightchill the Cutter (Vine Stalker Berserker)        Turns: 90, Time: 00:00:37

Health: 0/11       AC:  2    Str: 19    XL:     1   Next: 70%
Magic:  0/2        EV: 12    Int:  7    God:    Trog [*.....]
Gold:   0          SH:  0    Dex: 13    Spells: 0/0 levels left

rFire   . . .        a - +0 short sword
rCold   . . .        (no shield)
rNeg    . . .        b - +0 animal skin
rPois   .            (no helmet)
rElec   .            (no cloak)
rCorr   .            (no gloves)
SInv    .            (no boots)
Will    .....        (no amulet)
Stlth   +            (no ring)
HPRegen 0.21/turn    (no ring)
MPRegen 0.08/turn

%: guardian spirit
@: on berserk cooldown, slowed, very slow
A: fangs 2, magic shield, antimagic bite, no potion heal 2
a: Renounce Religion, Berserk


You were on level 1 of the Dungeon.
You worshipped Trog.
Trog was aware of your devotion.
You visited 1 branch of the dungeon, and saw 1 of its levels.

Inventory:

Hand Weapons
 a - a +0 short sword (weapon)
Armour
 b - a +0 animal skin (worn)
 c - a +0 plate armour


   Skills:
 + Level 2.8 Fighting
 * Level 2.9 Short Blades
 - Level 1.5 Armour
 - Level 1.5 Dodging


You couldn't memorise any spells.
You didn't know any spells.
Your spell library was empty.

Dungeon Overview and Level Annotations

Branches:
Dungeon (1/15)

Altars:


Innate Abilities, Weirdness & Mutations

You have extremely sharp teeth.
When hurt, damage is shared between your health and your magic reserves.
Your bite disrupts and absorbs the magic of your enemies.
Potions cannot restore your health.


Message History

You hit the ball python.
You kill the ball python!
Trog accepts your kill.
You barely miss the kobold. The kobold hits you with a +0 whip.
* * * LOW HITPOINT WARNING * * *
You hit the kobold but do no damage. You bite the kobold. You drain its power.
You feel invigorated.
The kobold is moderately wounded.
The kobold hits you but does no damage.
You barely miss the kobold.
The kobold is moderately wounded.
The kobold hits you with a +0 whip.
* * * LOW HITPOINT WARNING * * *
You closely miss the kobold.
The kobold is moderately wounded.
The kobold hits you with a +0 whip.
* * * LOW HITPOINT WARNING * * *
A red film seems to cover your vision as you go berserk!
You feel yourself moving faster!
You feel mighty! The kobold completely misses you.
You hit the kobold.
You kill the kobold!
Trog accepts your kill.
A goblin comes into view. It is wielding a +0 club.
You feel a strong urge to attack something.
The goblin shouts!
There is an open door here.
You feel your anger nearly subside.
You are no longer berserk.
You are exhausted.
You feel yourself slow down. The goblin hits you but does no damage.
There is a staircase leading out of the dungeon here.
You barely miss the goblin. You bite the goblin. You drain its power.
You feel invigorated.
The goblin is moderately wounded.
The goblin closely misses you.
You hit the goblin. Your bite misses the goblin.
The goblin is heavily wounded.
The goblin barely misses you. The goblin hits you with a +0 club.
You die...

.......# .r.
#..####.....# (.
#..#........# .#
#..#.#......##.#
#..#.#.........#
##..#.#..##.#†..###
##...#.#..##.#......
#....#.....#.#...###
+.g@.'.#.###.....#
#....#...#.......#
##...#.###....####
##..#.).#........
#..###..........
#..# #..........
#..# #..........
#..###.....#####
#....#.#


You could see a goblin.

Vanquished Creatures
  2 ball pythons (D:1)
  An endoplasm (D:1)
  A kobold (D:1)
  A rat (D:1)
5 creatures vanquished.

Notes
Turn   | Place    | Note
-------+----------+-------------------------------------------
     0 | D:1      | nightchill the Vine Stalker Berserker began the quest for
                  | the Orb.
     0 | D:1      | Reached XP level 1. HP: 11/11 MP: 2/2
    90 | D:1      | Slain by a goblin

Illustrated notes

Levels and vault maps discovered:
D:1:      giann_horns, layout_basic, minmay_small_reverse_x

Action                     || total
---------------------------++-------
  Melee: Short sword       ||    18
         Bite              ||     4
 Invoke: Berserk           ||     1
 Armour: Animal skin       ||     5
  Dodge: Dodged            ||    14
